 Dungeon Crawl Stone Soup version 0.31-a0-859-g9dce7d3444 (webtiles) character file.

Game seed: 14039887162157598434

2863 Newt the Spear-Bearer (level 9, -1/74 HPs)
             Began as a Merfolk Gladiator on Oct 7, 2023.
             Was an Initiate of Hepliaklqana.
             Slain by a warg (11 damage)
             ... on level 8 of the Dungeon on Oct 9, 2023.
             The game lasted 00:09:28 (8516 turns).

Newt the Spear-Bearer (Merfolk Gladiator)           Turns: 8516, Time: 00:09:28

Health: -1/74      AC: 10    Str: 18    XL:     9   Next: 75%
Magic:  9/9        EV: 15    Int: 13    God:    Hepliaklqana [......]
Gold:   519        SH:  0    Dex: 16    Spells: 8/8 levels left

rFire   . . .        a - +0 trident (flame)
rCold   + . .        (no shield)
rNeg    . . .        D - +0 steam dragon scales
rPois   .            c - +0 helmet
rElec   .            A - +2 cloak
rCorr   .            (no gloves)
SInv    .            t - +0 pair of boots
Will    .....        f - amulet of the acrobat
Stlth   +            p - ring of protection from cold
HPRegen 0.32/turn    E - +6 ring of intelligence
MPRegen 0.11/turn

%: acrobat
@: about to teleport
A: (nimble swimmer 2), mertail
a: Renounce Religion


You were on level 8 of the Dungeon.
You worshipped Hepliaklqana.
Hepliaklqana was noncommittal.
You visited 2 branches of the dungeon, and saw 9 of its levels.

You collected 519 gold pieces.

Inventory:

Hand Weapons
 a - a +0 trident of flaming (weapon)
Missiles
 e - a javelin
Armour
 b - a +0 leather armour
 c - a +0 helmet (worn)
 t - a +0 pair of boots (worn)
 A - a +2 cloak (worn)
 D - +0 steam dragon scales (worn)
Jewellery
 f - an amulet of the acrobat (around neck)
 p - a ring of protection from cold (left hand)
 B - an amulet of guardian spirit
 E - a +6 ring of intelligence (right hand)
Talismans
 m - a beast talisman
Wands
 r - a wand of mindburst (14)
Scrolls
 g - a scroll of fear
 i - a scroll of fog
 k - a scroll of teleportation
 n - 2 scrolls of revelation
 w - a scroll of torment
 y - 2 scrolls of silence
 C - a scroll of vulnerability {unknown}
Potions
 d - a potion of magic {unknown}
 h - 3 potions of curing
 j - 2 potions of enlightenment {unknown}
 l - 2 potions of heal wounds
 o - 2 potions of brilliance
 q - 2 potions of might {unknown}
 s - a potion of degeneration
 u - a potion of resistance
 v - a potion of lignification
 x - a potion of haste {unknown}
 z - a potion of berserk rage {unknown}


   Skills:
 - Level 8.0 Fighting
 + Level 13.7 Polearms
 - Level 2.0 Throwing
 - Level 7.0 Dodging


You had 8 spell levels left.
You didn't know any spells.
Your spell library contained the following spells:

 Spells                   Type           Power      Damage    Failure   Level
 Magic Dart               Conj           0%         1d3       30%         1
 Necrotise                Necr           0%         1d4       30%         1
 Call Imp                 Summ           0%         N/A       43%         2
 Poisonous Vapours        Pois/Air       0%         N/A       43%         2
 Mephitic Cloud           Conj/Pois/Air  0%         N/A       67%         3
 Vampiric Draining        Necr           0%         2d6       67%         3
 Olgreb's Toxic Radiance  Pois           0%         N/A       97%         4
 Agony                    Necr           0%         N/A       100%        5
 Freezing Cloud           Conj/Ice/Air   0%         6-21      100%        5
 Discord                  Hex            0%         N/A       100%        8
 Ignition                 Fire           0%         3d3       100%        8


Dungeon Overview and Level Annotations

Branches:
Dungeon (8/15)             Temple (1/1) D:7
   Lair: D:8-11

Altars:
Ashenzari
Cheibriados
Dithmenos
Elyvilon
Fedhas
Gozag
Hepliaklqana
Kikubaaqudgha
Makhleb
Nemelex Xobeh
Okawaru
Qazlal
Ru
Sif Muna
Trog
Vehumet
Wu Jian
Xom
Yredelemnul
Zin
The Shining One

Shops:
D:1 :   D:3 (   D:4 [


Innate Abilities, Weirdness & Mutations

((You are very nimble when in or above water. (Stealth+, EV+, Speed+++)))
Your lower body shifts to a powerful aquatic tail in water.


Message History

The warg bites you.
You puncture the warg! You burn the warg.
The warg is almost dead.
The warg bites you!
You hit the warg but do no damage.
The warg is almost dead.
The warg bites you.
The gnoll sergeant hits you from afar with a +0 spear.
The warg bites you.
You are too injured to fight recklessly!
The warg attacks as it pursues you! The warg completely misses you.
The warg stops to sniff the ground.
The warg barely misses you. The warg completely misses you.
The warg pauses to sniff the ground.
The warg completely misses you.
As you read the scroll of teleportation, it crumbles to dust.
You feel strangely unstable. The warg bites you but does no damage.
The warg barely misses you.
Unknown command.
You puncture the warg! You burn the warg.
You kill the warg!
The warg bites you!
* * * LOW HITPOINT WARNING * * *
Unknown command.
You hit the warg. You burn the warg.
The warg is lightly wounded.
The warg barely misses you.
Unknown command.
You barely miss the warg.
The warg is lightly wounded.
The warg bites you!
* * * LOW HITPOINT WARNING * * *
The gnoll barely misses you.
The gnoll sergeant hits you from afar with a +0 spear.
* * * LOW HITPOINT WARNING * * *
You closely miss the warg.
The warg is lightly wounded.
The warg bites you!
You die...

#).#..>...#..##..#
#)##......'..##..#
#..'......#..##..#
#..#......#..+...#
#g.#......#..##..#
##..#......#..#....
#ogg#......#..#.#.#
#hg.#......#..#....
##@.#......#....#.#
####......#.......
#......#<...#.#
#......#..#....
#......#..#.#.#
#......#..#....
#......####....
######## #####


You could see a warg, a gnoll sergeant, 3 gnolls and an orc.

Vanquished Creatures
  A wyvern (D:7)
  A steam dragon (D:8)
  A warg (D:8)
  Duvessa (D:7)
  2 orc warriors
  2 ice beasts (D:6)
  A sky beast (D:7)
  2 ogres
  A phantom (D:5)
  A centaur (D:7)
  2 kobold brigands
  A gnoll sergeant (D:7)
  4 scorpions
  3 wights (D:6)
  Dowan (D:7)
  3 hounds (D:5)
  3 jellies
  A gnoll bouda (D:5)
  3 orc priests
  5 iguanas
  3 orc wizards
  3 sleepcaps
  12 gnolls
  8 adders
  A white imp (D:7)
  5 ufetubi
  8 worms
  A dart slug (D:4)
  28 orcs
  5 ball pythons
  7 endoplasms
  3 giant cockroaches
  10 goblins
  7 hobgoblins
  5 jackals (D:1)
  17 kobolds
  2 quokkas
  3 bats
  8 frilled lizards
  3 rats
178 creatures vanquished.

Vanquished Creatures (collateral kills)
  A kobold (D:7)
1 creature vanquished.

Grand Total: 179 creatures vanquished

Notes
Turn   | Place    | Note
-------+----------+-------------------------------------------
     0 | D:1      | Newt the Merfolk Gladiator began the quest for the Orb.
     0 | D:1      | Reached XP level 1. HP: 16/16 MP: 1/1
    77 | D:1      | Reached XP level 2. HP: 23/23 MP: 2/2
   225 | D:1      | Reached XP level 3. HP: 30/30 MP: 3/3
   417 | D:1      | Found Sotocuom's Book Shoppe.
  1029 | D:2      | Reached skill level 5 in Polearms
  1029 | D:2      | Reached XP level 4. HP: 37/37 MP: 4/4
  1419 | D:3      | Found Rentiuse's Weapon Emporium.
  1455 | D:3      | Found a faded altar of an unknown god.
  1715 | D:3      | Reached skill level 6 in Polearms
  1715 | D:3      | Reached XP level 5. HP: 34/42 MP: 5/5
  1838 | D:3      | Upgraded the game from 0.31-a0-851-g7ff8af7976 to
                  | 0.31-a0-859-g9dce7d3444
  2330 | D:4      | Reached skill level 7 in Polearms
  2355 | D:4      | HP: 2/42 [something/puff of flame (5)]
  2358 | D:4      | Reached XP level 6. HP: 8/48 MP: 6/6
  2664 | D:4      | Found Acooqug's Armour Shop.
  2820 | D:4      | Reached skill level 8 in Polearms
  3663 | D:4      | Reached skill level 5 in Dodging
  3854 | D:5      | Entered Level 5 of the Dungeon
  3965 | D:5      | Reached XP level 7. HP: 25/54 MP: 7/7
  4196 | D:5      | Found a broken altar of Ashenzari.
  4421 | D:5      | Reached skill level 5 in Fighting
  4724 | D:6      | Found a sacrificial altar of Ru.
  4731 | D:6      | Found an ornate altar of the Wu Jian Council.
  4732 | D:6      | Found a sparkling altar of Nemelex Xobeh.
  4757 | D:6      | Reached XP level 8. HP: 47/64 MP: 8/8
  5883 | D:6      | HP: 3/68 [something/magic dart (5)]
  6208 | D:5      | Reached skill level 9 in Polearms
  6231 | D:6      | Found a shimmering altar of Xom.
  6613 | D:6      | Reached skill level 10 in Polearms
  6858 | D:6      | Reached XP level 9. HP: 69/74 MP: 9/9
  7021 | D:7      | Noticed Dowan
  7023 | D:7      | Noticed Duvessa
  7027 | D:7      | Killed Dowan
  7063 | D:7      | Killed Duvessa
  7064 | D:7      | Reached skill level 11 in Polearms
  7576 | D:7      | Reached skill level 12 in Polearms
  7710 | D:7      | Found a staircase to the Ecumenical Temple.
  7762 | Temple   | Entered the Ecumenical Temple
  7772 | Temple   | Became a worshipper of Hepliaklqana the Forgotten
  7976 | D:7      | Reached skill level 13 in Polearms
  8516 | D:8      | Slain by a warg

Illustrated notes

Levels and vault maps discovered:
D:1:      dpeg_arrival_round_b, layout_basic, serial_shops, shop,
          nicolae_kite_square_tiling_tiny, kennysheep_decorative_pillar
D:2:      layout_rooms, minmay_misc_feat_cross, minmay_heptomino_d4
D:3:      minmay_general_purpose_star, layout_basic,
          ebering_ecumenical_altar_box, serial_shops,
          nicolae_shop_tiny_statue_garden
D:4:      layout_layer_cave, serial_shops, shop, st_stairs_14, nicolae_wormholes
D:5:      layout_basic, ashenzari_altar_1
D:6:      layout_loops_ring, mainiacjoe_overflow_big_doors,
          chequers_temple_overflow_statue_of_worship
D:7:      layout_cave_pools, minmay_temple_entry_statues_pillars,
          minmay_quadrilaterals, uniq_duvessa
D:8:      layout_gridville, erik_lair_orcish_takeover, serial_glass,
          glass_columns_c, glass_columns_b
Temple:   nicolae_temple_x_marks_the_god

Skill      XL: |  1  2  3  4  5  6  7  8  9 |
---------------+----------------------------+-----
Fighting       | 3 4 6 8 |  8.0
Polearms       | 5 6 7 8 10 13 | 13.7
Dodging        | 6 7 |  7.0
Throwing       | |  2.0

Action                     |  1- 3 |  4- 6 |  7- 9 || total
---------------------------+-------+-------+-------++-------
  Melee: Trident           |   121 |   263 |   410 ||   794
         Punch             |       |     4 |     6 ||    10
  Throw: Throwing net      |       |       |     5 ||     5
  Evoke: Wand              |       |       |     1 ||     1
    Use: Potion            |       |     1 |     3 ||     4
         Scroll            |       |    10 |     7 ||    17
   Stab: Sleeping          |     3 |     2 |     1 ||     6
         Held in net/web   |       |       |     3 ||     3
 Armour: Leather armour    |    49 |    97 |   123 ||   269
         Steam dragon scal |       |       |    21 ||    21
  Dodge: Dodged            |    73 |   101 |   238 ||   412

Table legend: (Time is in decaauts)
 A = Elapsed time spent in this place.
 B = Non-inter-level travel time spent in this place.
 C = Inter-level travel time spent in this place.
 D = Time resting spent in this place.
 E = Time spent auto-exploring this place.
 F = Levels seen in this place.
 G = Mean time per level.
                   A        B        C        D        E       F      G
               +--------+--------+--------+--------+--------+-----+--------+
         Total |   8451 |   8147 |    304 |   2244 |   4574 |   9 |  939.0 |
       Dungeon |   8430 |   8146 |    284 |   2244 |   4574 |   8 | 1053.8 |
        Temple |     20 |      1 |     19 |      0 |      0 |   1 |   20.0 |
               +--------+--------+--------+--------+--------+-----+--------+

Top non-repeatable levels by time:
     D:5: 1899 daAuts
     D:4: 1718 daAuts
     D:6: 1250 daAuts
     D:7: 1061 daAuts
     D:2: 753 daAuts
     D:3: 705 daAuts
     D:1: 672 daAuts
     D:8: 369 daAuts
  Temple: 20 daAuts
